Map: [ESL] Data-C

Players

herO

  • Race: Protoss Protoss
  • Spawn Location: 3:00

Clem - Winner!

  • Race: Terran Terran
  • Spawn Location: 9:00

Event: DreamHack SC2 Masters 2022 Valencia

VOD

Have the link to the VOD?

Description

Time

  • Played on: July 3, 2022, 3:52 a.m.
  • Length: 13:12

All games in this series

Show
View Real Time Build Order
Export as new Build Order

herO Protoss 

Build Orders: 1 Gate Expand, Blink Stalkers 

Get SALT Encoding   

  12  0:00  Probe  
  13  0:12  Probe  
  14  0:17  Pylon  
  14  0:24  Probe (Chrono Boost)  
  15  0:36  Probe (Chrono Boost)  
  15  0:38  Gateway  
  16  0:44  Probe (Chrono Boost)  
  16  0:47  Assimilator  
  17  0:50  Probe  
  18  1:03  Probe  
  19  1:15  Probe  
  20  1:25  Nexus  
  20  1:35  Cybernetics Core  
  20  1:38  Probe  
  21  1:44  Assimilator  
  21  1:50  Probe  
  22  1:56  Pylon  
  22  2:02  Probe  
  23  2:12  Stalker (Chrono Boost), Warp Gate  
  23  2:15  Probe  
  26  2:25  Pylon  
  26  2:27  Probe  
  26  2:34  Twilight Council  
  26  2:35  Stalker  
  28  2:39  Probe (Chrono Boost)  
  28  2:41  Probe (Chrono Boost)  
  30  2:48  Probe (Chrono Boost)  
  30  2:49  Probe (Chrono Boost)  
  32  2:53  Probe (Chrono Boost)  
  32  2:55  Probe  
  34  3:06  Probe  
  34  3:07  Probe, Blink (Chrono Boost), Gateway  
  36  3:19  Probe x2  
  38  3:24  Robotics Facility  
  38  3:30  Gateway  
  38  3:33  Probe  
  39  3:34  Probe  
  39  3:38  Pylon  
  40  3:46  Probe x2  
  41  3:58  Probe x2  
  41  4:01  Stalker  
  41  4:02  Stalker  
  47  4:08  Pylon  
  47  4:10  Probe x2  
  47  4:11  Warp Prism (Chrono Boost)  
  51  4:18  Assimilator  
  51  4:26  Stalker x2  
  51  4:27  Stalker  
  51  4:31  Probe x2  
  59  4:34  Pylon  
  59  4:40  Observer  
  59  4:42  Assimilator  
  59  4:43  Probe x2  
  62  4:47  Pylon  
  62  4:54  Pylon  
  62  4:55  Probe x2  
  64  5:05  Forge  
  64  5:06  Forge  
  64  5:07  Robotics Bay  
  64  5:15  Shield Battery  
  64  5:22  Immortal  
  66  5:36  Nexus  
  66  5:39  Protoss Ground Weapons Level 1  
  66  5:40  Protoss Ground Armor Level 1  
  66  5:41  Shield Battery  
  66  5:46  Gateway  
  66  5:48  Sentry x2  
  70  5:51  Zealot  
  70  5:55  Probe x2  
  74  6:03  Colossus (Chrono Boost)  
  74  6:07  Probe x2  
  81  6:19  Shield Battery  
  81  6:23  Probe x2  
  81  6:24  Shield Battery  
  83  6:27  Pylon  
  83  6:28  Sentry  
  83  6:30  Pylon  
  85  6:35  Probe  
  85  6:38  Photon Cannon  
  85  6:41  Pylon  
  85  6:45  Colossus (Chrono Boost)  
  91  6:48  Sentry  
  91  6:51  Probe  
  91  6:52  Probe x2  
  96  6:58  Stalker  
  95  7:03  Stalker x2  
  91  7:13  Probe x3  
  91  7:14  Charge  
  90  7:27  Colossus (Chrono Boost)  
  90  7:28  Probe x2  
  90  7:29  Sentry, Probe  
  101  7:30  Pylon  
  101  7:34  Stalker, Shield Battery  
  101  7:35  Stalker  
  105  7:39  Gateway  
  105  7:43  Zealot  
  102  7:56  Probe x3  
  105  7:59  Stalker x3  
  105  8:08  Probe x3  
  108  8:13  Zealot  
  106  8:20  Probe x3  
  106  8:23  Observer, Zealot  
  106  8:24  Zealot x2  
  115  8:29  Assimilator  
  115  8:31  Assimilator  
  115  8:33  Shield Battery  
  115  8:37  Gateway  
  115  8:39  Immortal (Chrono Boost)  
  119  8:42  Sentry  
  119  8:45  Probe x3  
  119  8:46  Sentry  
  119  8:48  Pylon  
  126  8:52  Stalker x2  
  130  8:57  Protoss Ground Armor Level 2 (Chrono Boost)  
  130  8:58  Gateway  
  128  9:08  Probe x3  
  129  9:13  Protoss Ground Weapons Level 2 (Chrono Boost)  
  129  9:20  Pylon  
  132  9:25  Immortal (Chrono Boost)  
  133  9:31  Gateway  
  133  9:36  Shield Battery  
  133  9:38  Stalker x4  
  133  9:44  Zealot x2  
  145  10:00  Templar Archives  
  145  10:02  Pylon, Immortal (Chrono Boost)  
  145  10:03  Pylon  
  145  10:04  Pylon  
  149  10:20  Stalker x4  
  157  10:26  Photon Cannon  
  151  10:36  High Templar x2, Zealot x2  
  151  10:38  Pylon  
  151  10:40  Archon  
  159  10:43  Observer (Chrono Boost)  
  156  10:52  Photon Cannon  
  156  10:56  Immortal (Chrono Boost)  
  156  11:03  Zealot x2  
  156  11:04  Zealot x4  
  130  11:24  Stalker x6  
  138  11:28  Warp Prism (Chrono Boost)  
  124  11:36  High Templar x2  
  124  11:39  Gateway  
  128  11:40  Archon, Gateway  
  127  11:47  High Templar x2  
  127  11:51  Archon  
  127  11:52  Zealot x3  
  134  12:00  Disruptor  
  136  12:12  Stalker  
  136  12:13  Stalker x3, Zealot  
  140  12:30  Zealot x3  
  140  12:33  Disruptor (Chrono Boost), Zealot  
  110  12:38  Zealot x2  
  78  12:53  Zealot x5  
Show
View Real Time Build Order
Export as new Build Order

Clem Terran - Winner!

Build Orders: Reaper Expand 

Get SALT Encoding   

  12  0:00  SCV  
  13  0:12  SCV  
  14  0:17  Supply Depot  
  14  0:24  SCV  
  15  0:38  SCV  
  15  0:39  Barracks  
  16  0:43  Refinery  
  16  0:50  SCV  
  17  1:03  SCV  
  18  1:15  SCV  
  19  1:26  Reaper  
  19  1:27  Orbital Command  
  20  1:46  Command Center  
  20  1:52  SCV  
  21  1:58  Marine  
  22  2:02  Supply Depot  
  22  2:04  SCV  
  23  2:14  Factory  
  23  2:21  Barracks Reactor  
  23  2:23  SCV  
  23  2:28  Bunker  
  24  2:35  Refinery  
  24  2:36  SCV  
  25  2:48  SCV  
  26  2:58  Orbital Command  
  26  3:00  Hellion, SCV  
  26  3:01  Marine  
  26  3:02  Marine  
  31  3:07  Starport  
  31  3:12  SCV  
  32  3:19  Marine  
  33  3:20  Marine  
  33  3:22  Factory Tech Lab  
  33  3:24  SCV, Supply Depot  
  35  3:28  SCV  
  36  3:36  SCV  
  36  3:37  Marine  
  36  3:38  Marine  
  36  3:40  SCV  
  40  3:49  SCV, Factory Tech Lab  
  40  3:52  Raven, SCV  
  43  3:58  Barracks  
  43  3:59  Supply Depot  
  43  4:00  Marine x2  
  43  4:01  SCV  
  46  4:04  SCV  
  46  4:08  Siege Tank  
  50  4:14  SCV  
  50  4:16  SCV  
  50  4:18  Barracks  
  50  4:19  Marine  
  50  4:20  Marine  
  52  4:26  SCV  
  52  4:27  Refinery  
  52  4:28  SCV  
  54  4:35  Supply Depot  
  54  4:37  Marine  
  54  4:38  SCV, Marine  
  56  4:41  SCV, Siege Tank  
  61  4:45  Supply Depot  
  61  4:50  SCV  
  62  4:53  Engineering Bay  
  62  4:56  Stimpack  
  62  4:57  SCV, Marine x3  
  66  5:00  Supply Depot  
  66  5:02  SCV  
  66  5:05  Marine  
  68  5:09  Supply Depot  
  68  5:13  SCV  
  67  5:18  SCV  
  67  5:19  Refinery  
  67  5:20  Marine, Terran Infantry Weapons Level 1  
  67  5:21  Marine, Marauder  
  71  5:24  Starport Reactor  
  71  5:26  SCV  
  72  5:30  SCV  
  72  5:31  Combat Shield  
  72  5:35  Marauder  
  74  5:38  SCV, Factory Reactor  
  74  5:39  Marine  
  74  5:41  Marine  
  74  5:42  SCV  
  78  5:45  Marauder  
  80  5:50  Supply Depot  
  80  5:57  Marine  
  80  5:58  Supply Depot  
  80  5:59  Marine  
  80  6:01  Medivac x2  
  80  6:03  Marauder  
  88  6:06  Marauder  
  90  6:17  Marine x2  
  92  6:19  Widow Mine x2  
  96  6:26  Command Center  
  96  6:30  Supply Depot, Marauder  
  96  6:31  Marauder  
  100  6:34  Medivac x2  
  100  6:39  Supply Depot  
  104  6:40  Concussive Shells  
  104  6:41  Marine x2  
  107  6:47  Barracks, SCV  
  107  6:48  Barracks, SCV  
  108  6:56  Supply Depot  
  108  6:58  Marine x2  
  108  6:59  SCV  
  102  7:02  Marine x2  
  95  7:13  SCV, Widow Mine x2  
  97  7:16  SCV, Marauder x2  
  97  7:22  Marine x2  
  104  7:25  SCV  
  104  7:26  Medivac  
  104  7:28  SCV, Medivac  
  110  7:34  Supply Depot, Terran Infantry Armor Level 1  
  110  7:36  Barracks Tech Lab, Barracks Reactor  
  110  7:38  Marauder  
  110  7:41  SCV, Marine x2  
  115  7:46  Marauder  
  115  7:49  SCV  
  116  7:55  Widow Mine x2  
  116  7:58  Marine  
  116  7:59  Marauder x2  
  116  8:00  SCV  
  116  8:02  Medivac  
  116  8:05  Medivac  
  126  8:06  Marine  
  126  8:07  SCV  
  126  8:08  Orbital Command  
  126  8:12  Marauder  
  127  8:17  Marine x3  
  127  8:19  SCV  
  118  8:20  SCV, Marauder  
  121  8:31  SCV, Marauder  
  121  8:32  Viking, SCV  
  127  8:34  Ghost Academy  
  127  8:35  Viking  
  127  8:36  Marauder  
  127  8:39  Refinery  
  127  8:40  SCV  
  132  8:42  Marine  
  132  8:43  SCV, Marine x2  
  132  8:44  SCV  
  137  8:48  Supply Depot  
  137  8:49  Refinery  
  137  8:50  Marine  
  137  8:51  Marauder  
  137  8:52  SCV  
  141  9:02  Viking  
  143  9:04  Viking  
  143  9:05  Command Center  
  143  9:07  Marine x2  
  143  9:08  Marine  
  143  9:09  Ghost  
  148  9:12  Ghost  
  152  9:19  SCV  
  152  9:23  Marine x2  
  152  9:28  Widow Mine  
  152  9:29  Marine x3  
  152  9:30  SCV  
  158  9:31  Viking  
  158  9:35  Engineering Bay, Armory, Supply Depot  
  160  9:38  Marine  
  160  9:40  Ghost  
  160  9:41  Missile Turret  
  160  9:42  Marine  
  160  9:43  Missile Turret  
  164  9:51  Bunker  
  163  9:53  Viking  
  163  9:56  Supply Depot  
  163  9:57  Ghost  
  165  10:01  Viking  
  165  10:05  SCV  
  168  10:09  Supply Depot  
  168  10:15  Missile Turret  
  168  10:18  Marine x3, Supply Depot  
  170  10:23  Viking, SCV x2  
  170  10:24  SCV  
  173  10:30  Marine x2  
  173  10:31  Viking  
  173  10:34  Ghost x2  
  173  10:35  SCV  
  181  10:36  SCV  
  182  10:42  Terran Infantry Weapons Level 2  
  182  10:47  Terran Infantry Armor Level 2  
  178  10:53  Marine  
  178  10:54  Marine x3  
  178  10:56  Viking  
  184  10:58  Ghost  
  177  11:04  Viking  
  177  11:06  Marine  
  177  11:09  Marine  
  177  11:10  Widow Mine  
  153  11:16  Marine x3  
  140  11:21  Widow Mine  
  140  11:22  Marine  
  140  11:24  Marauder  
  137  11:26  Viking  
  137  11:27  Ghost  
  137  11:29  Planetary Fortress  
  138  11:33  Marine  
  138  11:34  Viking  
  138  11:37  Marine x3  
  138  11:39  SCV, Marine  
  146  11:40  SCV x2  
  146  11:46  Marauder  
  149  11:48  Widow Mine x2  
  149  11:51  Marauder  
  153  11:55  Marine x4  
  157  12:02  Viking  
  157  12:04  Viking, Marine  
  157  12:07  Marauder  
  163  12:12  Marine  
  163  12:13  Marauder  
  163  12:14  Widow Mine  
  163  12:15  Widow Mine  
  170  12:17  Marine  
  170  12:19  Ghost  
  173  12:27  Marine x2  
  173  12:29  Marauder  
  172  12:32  Viking  
  172  12:33  Marine  
  172  12:34  Viking, Marauder  
  164  12:39  Widow Mine  
  164  12:40  Widow Mine  
  164  12:42  Marine  
  143  12:45  SCV, Marine  
  143  12:46  Marine  
  143  12:48  Marauder  
  143  12:50  Marauder  
  140  12:54  Marine  
  140  12:56  SCV  

Tags
 
Add a new tag
Caveats
  • Supply blocks, unpowered buildings, or Contaminate may cause inaccurate times.
  • Supply counts are checked every 10 seconds.